 Dungeon Crawl Stone Soup version 0.29.1-1-gd02db6906a (webtiles) character file.

Game seed: 9972879802033126121

2221 sankara the Grappler (level 9, -4/79 HPs)
             Began as a Ghoul Monk on Oct 13, 2022.
             Slain by an eight-headed hydra (6 damage)
             ... on level 7 of the Dungeon.
             The game lasted 00:19:59 (7579 turns).

sankara the Grappler (Ghoul Monk)                   Turns: 7579, Time: 00:20:00

Health: -4/79      AC:  8    Str: 15    XL:     9   Next: 35%
Magic:  8/8        EV: 17    Int:  7    God:
Gold:   361        SH:  0    Dex: 13    Spells: 7/8 levels left

rFire   + . .      SeeInvis .     - Unarmed
rCold   + . .      Faith    .   (no shield)
rNeg    + + +      Spirit   .   L - +0 steam dragon scales
rPois   ∞          Reflect  .   K - +0 helmet
rElec   .          Harm     .   J - +0 cloak
rCorr   .          Rampage  .   (no gloves)
Will    .....                   (no boots)
Stlth   +.........              (no amulet)
HPRegen 0.00/turn               g - +4 ring of evasion
MPRegen 0.11/turn               E - ring of protection from fire

@: confused, about to teleport, ambrosia-drunk, inhibited regen
A: claws 1, cold resistance 1, negative energy resistance 3, inhibited
regeneration, torment resistance 2, devour on kill
a: no special abilities


You were on level 7 of the Dungeon.
You visited 2 branches of the dungeon, and saw 8 of its levels.

You collected 361 gold pieces.

Inventory:

Hand Weapons
 C - a +2 vorpal shortbow
Missiles
 o - 62 stones (quivered)
 A - 2 boomerangs
 H - 16 poisoned darts
 I - 2 curare-tipped darts
Armour
 s - a +0 plate armour
 u - a +0 chain mail
 J - a +0 cloak (worn)
 K - a +0 helmet (worn)
 L - +0 steam dragon scales (worn)
Jewellery
 d - a ring of willpower
 g - a +4 ring of evasion (left claw)
 k - a ring of ice
 y - a +6 ring of dexterity
 E - a ring of protection from fire (right claw)
Wands
 G - a wand of paralysis (7)
Scrolls
 c - 3 scrolls of teleportation
 e - a scroll of magic mapping {unknown}
 h - a scroll of fog {unknown}
 i - 7 scrolls of identify {unknown}
 j - a scroll of poison {unknown}
 l - 2 scrolls of noise {unknown}
 m - a scroll of blinking {unknown}
 n - a scroll of enchant armour {unknown}
 p - a scroll of torment {unknown}
 t - 4 scrolls of vulnerability {unknown}
 D - a scroll of fear {unknown}
 F - a scroll of immolation {unknown}
Potions
 b - a potion of ambrosia
 f - 2 potions of heal wounds {unknown}
 q - a potion of magic {unknown}
 v - a potion of resistance {unknown}
 w - 2 potions of cancellation {unknown}
 x - a potion of invisibility {unknown}
 z - a potion of degeneration {unknown}
 B - a potion of lignification {unknown}


   Skills:
 + Level 7.1 Fighting
 + Level 4.5 Armour
 + Level 4.4 Dodging
 - Level 2.1 Stealth
 * Level 9.6 Unarmed Combat
 + Level 1.8 Necromancy


You had 7 spell levels left.
You knew the following spells:

 Your Spells              Type           Power      Damage    Failure   Level
a - Necrotise             Necr           8%         1d4       22%         1

Your spell library contained the following spells:

 Spells                   Type           Power      Damage    Failure   Level
 Apportation              Tloc           0%         N/A       43%         1
 Summon Small Mammal      Summ           0%         N/A       43%         1
 Gell's Gravitas          Tloc           0%         N/A       80%         3
 Ignite Poison            Fire/Tmut/Pois 0%         N/A       80%         3
 Lesser Beckoning         Tloc           0%         N/A       80%         3
 Mephitic Cloud           Conj/Pois/Air  0%         N/A       80%         3
 Teleport Other           Tloc           0%         N/A       80%         3
 Freezing Cloud           Conj/Ice/Air   0%         6-21      100%        5


Dungeon Overview and Level Annotations

Branches:
Dungeon (7/15)             Temple (1/1) D:5

Altars:
Cheibriados
Gozag
Kikubaaqudgha
Nemelex Xobeh
Qazlal
Sif Muna
Trog
Uskayaw
Vehumet
Wu Jian
Xom
Yredelemnul
Lugonu

Shops:
D:2 (   D:5 [

Annotations:
D:5 2 transporters


Innate Abilities, Weirdness & Mutations

You are immune to poison.
You have sharp fingernails.
Your flesh is cold resistant. (rC+)
You are immune to negative energy. (rN+++)
You do not regenerate when monsters are visible.
You are immune to unholy pain and torment.
You thrive by killing the living.


Message History

The eight-headed hydra misses you.
The eight-headed hydra closely misses you.
The eight-headed hydra bites you.
The eight-headed hydra barely misses you.
The eight-headed hydra bites you! The eight-headed hydra misses you. x2
The eight-headed hydra bites you but does no damage.
A troll comes into view.
Unknown command.
The eight-headed hydra attacks as you move away!
The eight-headed hydra bites you but does no damage.
The eight-headed hydra misses you. The eight-headed hydra bites you.
The eight-headed hydra bites you!
The eight-headed hydra bites you but does no damage. x2
The eight-headed hydra barely misses you.
The eight-headed hydra bites you but does no damage.
A centaur comes into view.
The howler monkey hoots and howls with incredible vigour!
The eight-headed hydra bites you. x2
The eight-headed hydra completely misses you.
The eight-headed hydra bites you! The eight-headed hydra bites you. x2
* * * LOW HITPOINT WARNING * * *
The eight-headed hydra bites you.
* * * LOW HITPOINT WARNING * * *
The eight-headed hydra closely misses you.
You hear a shout!
You are confused.
You feel invigorated.
You hear a shout!
A vampire comes into view.
The eight-headed hydra barely misses you.
The eight-headed hydra bites you.
* * * LOW HITPOINT WARNING * * *
The eight-headed hydra bites you but does no damage.
The eight-headed hydra misses you.
The eight-headed hydra closely misses you.
The eight-headed hydra bites you!
* * * LOW HITPOINT WARNING * * *
The eight-headed hydra completely misses you.
The eight-headed hydra bites you.
You die...

+ +.^♣ #..V #..♣
#..h #..♣♣ #..T.
#... ♣ #..Tuc#..♣ ♣.
#.H.s.#..♣
♣..+#####JJ.♣
♣.........D.♣
♣..........@♣
♣♣♣♣♣♣.♣♣♣♣♣♣ ♣.♣
### #.# ### ♣♣.♣♣
♣.♣ ♣♣.♣♣
####♣.♣.♣♣♣.♣♣♣.♣.♣#
...#.♣♣♣.♣♣.♣♣.♣♣♣.#
...#♣♣ ♣♣.♣.♣.♣♣ ♣♣#
...# ♣♣...♣♣


You could see an eight-headed hydra, a white ugly thing, 2 slime creatures, 2
trolls, a vampire, a centaur, a scorpion and a howler monkey (catching breath).

Vanquished Creatures
  2 steam dragons
  3 water moccasins
  A black bear (D:6)
  An ice beast (D:7)
  3 ogres
  A centaur (D:5)
  Blork the orc (D:4)
  3 kobold brigands
  2 scorpions (D:6)
  A howler monkey (D:6)
  A jelly (D:7)
  6 hounds
  4 orc priests
  5 iguanas
  Robin (D:4)
  5 adders
  4 gnolls (D:5)
  2 shadow imps
  A white imp (D:7)
  2 ufetubi
  3 worms
  3 dart slugs
  25 orcs
  5 ball pythons
  7 endoplasms
  A giant cockroach (D:2)
  14 goblins
  6 hobgoblins
  3 quokkas
  11 bats
  A frilled lizard (D:1)
  20 kobolds
  3 rats
151 creatures vanquished.

Notes
Turn   | Place    | Note
-------+----------+-------------------------------------------
     0 | D:1      | sankara the Ghoul Monk began the quest for the Orb.
     0 | D:1      | Reached XP level 1. HP: 19/19 MP: 0/0
   372 | D:1      | Reached XP level 2. HP: 26/26 MP: 1/1
   912 | D:2      | Reached XP level 3. HP: 26/31 MP: 2/2
  1059 | D:2      | Reached skill level 4 in Unarmed Combat
  1241 | D:2      | Found Ruantat's Antique Weapon Shoppe.
  1490 | D:2      | Found a faded altar of an unknown god.
  1516 | D:2      | Identified the +6 trident "Luaniet" {distort, rPois MP+9}
  1549 | D:2      | You fall into a shaft and drop 2 floors!
  1637 | D:4      | Found a hide-covered altar of Uskayaw.
  1648 | D:4      | Noticed Robin
  1683 | D:4      | Reached XP level 4. HP: 38/40 MP: 3/3
  1862 | D:4      | Reached skill level 5 in Unarmed Combat
  1862 | D:4      | Reached XP level 5. HP: 9/46 MP: 4/4
  2420 | D:3      | Found a stormy altar of Qazlal.
  3163 | D:3      | Found an ancient bone altar of Kikubaaqudgha.
  3696 | D:4      | Noticed Blork the orc
  3702 | D:4      | Killed Blork the orc
  3703 | D:4      | Reached skill level 1 in Armour
  3703 | D:4      | Reached XP level 6. HP: 48/53 MP: 5/5
  3831 | D:4      | Killed Robin
  4068 | D:5      | Entered Level 5 of the Dungeon
  4139 | D:5      | Reached skill level 6 in Unarmed Combat
  4207 | D:5      | Found a transporter.
  4208 | D:5      | Noticed a kobold demonologist
  4315 | D:5      | Found a transporter.
  4343 | D:5      | Reached XP level 7. HP: 44/60 MP: 6/6
  4481 | D:5      | Reached skill level 5 in Fighting
  4791 | D:5      | Reached skill level 7 in Unarmed Combat
  4835 | D:5      | Found a basalt altar of Yredelemnul.
  4864 | D:5      | Found a staircase to the Ecumenical Temple.
  4871 | Temple   | Entered the Ecumenical Temple
  4922 | D:5      | Found a snail-covered altar of Cheibriados.
  5022 | D:5      | Found Ybaof's Antique Armour Boutique.
  5115 | D:5      | Reached XP level 8. HP: 46/69 MP: 7/7
  5636 | D:6      | Reached skill level 8 in Unarmed Combat
  6520 | D:6      | Learned a level 1 spell: Necrotise
  6665 | D:6      | Reached skill level 9 in Unarmed Combat
  7042 | D:7      | Reached XP level 9. HP: 78/78 MP: 8/8
  7055 | D:7      | Reached skill level 1 in Necromancy
  7575 | D:7      | Noticed a troll
  7575 | D:7      | Noticed a manticore
  7575 | D:7      | Noticed an eight-headed hydra
  7575 | D:7      | Noticed a white ugly thing
  7576 | D:7      | Noticed a troll
  7579 | D:7      | HP: 2/79 [eight-headed hydra (13)]
  7579 | D:7      | Slain by an eight-headed hydra

Illustrated notes

Levels and vault maps discovered:
D:1:      dpeg_arrival_three_smaller_balls, layout_basic,
          minmay_misc_feat_plants, minmay_pentomino_q2
D:2:      layout_loops_corners, shapermc_ecumenical_altar_mp_ritualfount,
          serial_shops, shop, item_on_display_a
D:3:      layout_loops_cross, mainiacjoe_overflow_boulevard,
          mainiacjoe_overflow_catwalk, chequers_garden
D:4:      layout_basic, elyvilon_altar_4, kennysheep_mini_moat,
          eino_small_chamber_without_monster, grunt_decor_one_mirror,
          uniq_robin, uniq_blork_the_orc
D:5:      gammafunk_wand_slinger, layout_loops_ring,
          mainiacjoe_overflow_alcove_1, amcnicky_altar_gilded,
          minmay_temple_entry_drinking_statues, serial_shops, shop
D:6:      layout_layer_cave
D:7:      nzn_winding_woodlands_cross [nzn_winding_woodlands_5x15_longhouse,
          nzn_winding_woodlands_5x15_sawtooth,
          nzn_winding_woodlands_5x15_pockets,
          nzn_winding_woodlands_5x15_concentric,
          nzn_winding_woodlands_15x15_killbox], layout_cave_pools,
          mainiacjoe_overflow_six_doors_small, mainiacjoe_overflow_alcove_4,
          st_stairs_11, kennysheep_small_spiral, pf_guarded_unrand_meek
Temple:   corrupted_temple

Skill      XL: |  1  2  3  4  5  6  7  8  9 |
---------------+----------------------------+-----
Dodging        | 3 4 |  4.4
Unarmed Combat | 4 5 6 7 9 |  9.6
Fighting       | 4 5 6 7 |  7.1
Armour         | 1 2 4 |  4.5
Necromancy     | 1 |  1.8
Stealth        | |  2.1

Action                   |  1- 3 |  4- 6 |  7- 9 || total
-------------------------+-------+-------+-------++-------
Melee: Unarmed           |   110 |   164 |   248 ||   522
       Punch             |     3 |     7 |    14 ||    24
 Cast: Necrotise         |       |       |    13 ||    13
  Use: Potion            |     1 |       |     1 ||     2
       Scroll            |       |       |     1 ||     1
 Stab: Sleeping          |     7 |       |       ||     7
       Distracted        |     1 |       |       ||     1
Armor: Robe              |    19 |     1 |       ||    20
       Chain mail        |       |    64 |    68 ||   132
       Steam dragon scal |       |       |    24 ||    24
Dodge: Dodged            |    97 |    96 |   200 ||   393
